 Dungeon Crawl Stone Soup version 0.20-a0-1017-gc3250ce (webtiles) character file.

57 mopl the Sneak (level 3, -1/20 HPs)
             Began as a Deep Elf Assassin on Apr 16, 2017.
             Slain by a gnoll (8 damage)
             ... on level 2 of the Dungeon.
             The game lasted 00:01:58 (985 turns).

mopl the Sneak (Deep Elf Assassin)                   Turns: 985, Time: 00:01:59

Health: -1/20      AC:  5    Str:  8    XL:     3   Next: 73%
Magic:  5/5        EV: 10    Int: 15    God:
Gold:   60         SH:  4    Dex: 17    Spells: 2/2 levels left

rFire    . . .     SeeInvis .   a - +2 dagger
rCold    . . .     Gourm    .   j - +0 buckler
rNeg     . . .     Faith    .   c - +0 robe
rPois    .         Spirit   .   (no helmet)
rElec    .         Reflect  .   d - +0 cloak
rCorr    .         Harm     .   (no gloves)
MR       .....                  l - +1 pair of boots
Stlth    +++.......             (no amulet)
Regen    0.1/turn               (no ring)
MPRegen  0.1/turn               (no ring)

@: drained
A: no striking features
a: no special abilities


You were on level 2 of the Dungeon.
You were not hungry.

You visited 1 branch of the dungeon, and saw 2 of its levels.

You collected 60 gold pieces.

Inventory:

Hand Weapons
 a - a +2 dagger (weapon)
 b - a +0 blowgun
Missiles
 e - 5 poisoned needles
 f - 2 curare-tipped needles
Armour
 c - a +0 robe (worn)
 d - a +0 cloak (worn)
 j - a +0 buckler (worn)
 l - a +1 pair of boots (worn)
Scrolls
 h - 2 scrolls of identify
 i - a scroll of blinking {unknown}
 k - 2 scrolls of remove curse
 m - 2 scrolls of immolation {unknown}
 n - a scroll of enchant armour
 p - a scroll of amnesia {unknown}
Potions
 o - 2 potions of invisibility {unknown}
Books
 r - a book of Misfortune

   Spells                             Type                      Level
   a - Confusing Touch                Hexes                        1
   b - Confuse                        Hexes                        3
   c - Gell's Gravitas                Translocation                3
   d - Petrify                        Transmutation/Earth          4
   e - Metabolic Englaciation         Hexes/Ice                    5
   f - Yara's Violent Unravelling     Hexes/Transmutation          5
Comestibles
 g - 2 bread rations


   Skills:
 - Level 1.5(0.7) Fighting
 + Level 2.4(1.6) Short Blades
 + Level 2.9(2.1) Throwing
 - Level 1.2(0.4) Dodging
 * Level 5.9(5.0) Stealth


You had 2 spell levels left.
You didn't know any spells.

Dungeon Overview and Level Annotations

Branches:
Dungeon (2/15)

Altars:
Wu Jian
Yredelemnul


Message History

The gnoll hits you.
You closely miss the gnoll.
The gnoll is heavily wounded.
The gnoll misses you.
You hit the gnoll.
The gnoll is severely wounded.
The gnoll misses you.
You hit the gnoll but do no damage.
The gnoll is severely wounded.
The gnoll closely misses you.
You barely miss the gnoll.
The gnoll is severely wounded.
The gnoll hits you.
You hit the gnoll.
The gnoll is severely wounded.
The gnoll barely misses you.
You barely miss the gnoll.
The gnoll is severely wounded.
The gnoll hits you!
You die...

##.##.# #.##.#
#..#.# ...S...
##.#.#
.......##
#...#
..g.....#
##..#
.K......# #..#
........# ##>#
....g...# #@#
........# #g#
#.# #.# #.#
#.# #.#
#.######
#.#####......#
#(.....(.....#
######.###...#
##'####..#


You could see a gnoll.

Vanquished Creatures
  Natasha (D:2)
  An adder (D:2)
  3 leopard geckos
  A giant cockroach (D:1)
  A goblin (D:1)
  3 hobgoblins (D:1)
  5 kobolds (D:1)
  A bat (D:2)
  A frilled lizard (D:1)
  A rat (D:1)
  A spectral orc (D:2)
19 creatures vanquished.

Notes
Turn   | Place    | Note
-------+----------+-------------------------------------------
     0 | D:1      | mopl the Deep Elf Assassin began the quest for the Orb.
     0 | D:1      | Reached XP level 1. HP: 12/12 MP: 3/3
   265 | D:1      | Reached skill level 5 in Stealth
   270 | D:1      | Reached XP level 2. HP: 10/16 MP: 4/4
   662 | D:2      | Noticed Natasha
   667 | D:2      | Noticed a crimson imp
   675 | D:2      | Killed Natasha
   675 | D:2      | Reached XP level 3. HP: 16/20 MP: 5/5
   895 | D:2      | Found an ornate altar of the Wu Jian Council.
   926 | D:2      | Found a basalt altar of Yredelemnul.
   985 | D:2      | Slain by a gnoll

Vault maps used:
D:1:      dpeg_arrival_stonehenge_8_columns
D:2:      lemuel_doored_altar, yredelemnul_forgotten_temple_becter,
          vehumet_crystals, bloody_trog, uniq_natasha, uniq_robin

Skill      XL: |  1 |
---------------+----+-----
Stealth        | 5 |  5.9
Fighting       | |  1.5
Short Blades   | |  2.4
Throwing       | |  2.9
Dodging        | |  1.2

Action                   || total
-------------------------++-------
Melee: Dagger            ||    68
 Fire: Blowgun           ||     7
  Use: Scroll            ||     2
 Stab: Sleeping          ||     5
       Distracted        ||     1
Armor: Robe              ||    10
Dodge: Dodged            ||    45
Block: Buckler           ||     3
